 Dungeon Crawl Stone Soup version 0.31-a0-925-g0a390f2509 (webtiles) character file.

Game seed: 2759325259197046606

483 Xavori the Trooper (level 7, 0/50 HPs)
             Began as an Octopode Chaos Knight on Oct 18, 2023.
             Was a Plaything of Xom.
             Slain by an orc
             ... wielding a +0 trident
              (8 damage)
             ... on level 3 of the Dungeon.
             The game lasted 00:03:23 (9889 turns).

Xavori the Trooper (Octopode Chaos Knight)          Turns: 9889, Time: 00:03:24

Health: 0/50       AC:  1    Str: 16      XL:     7   Next: 12%
Magic:  7/7        EV: 15    Int: 11 (13) God:    Xom [..*...]
Gold:   187        SH:  0    Dex: 16 (18) Spells: 6/6 levels left

rFire   . . .        g - +0 dagger (venom)
rCold   . . .        (no shield)
rNeg    . . .        (helmet restricted)
rPois   .            (no amulet)
rElec   +            h - ring of Lucidity {rElec SInv}
rCorr   .            k - +6 ring of strength
SInv    +            (no ring)
Will    .....        (no ring)
Stlth   ++           (no ring)
HPRegen 0.28/turn    (no ring)
MPRegen 0.10/turn    (no ring)
                     (no ring)

%: clarity
@: no status effects
A: almost no armour, amphibious, 8 rings, camouflage 1, gelatinous body 1,
(nimble swimmer 1), tentacles, agile 1, clarity, deterioration 1, no potion heal
1
a: Renounce Religion


You were on level 3 of the Dungeon.
You worshipped Xom.
You were a toy of Xom.
You visited 1 branch of the dungeon, and saw 4 of its levels.

You collected 187 gold pieces.

Inventory:

Hand Weapons
 a - a +0 short sword of chaos
 g - a +0 dagger of venom (weapon)
Missiles
 f - a throwing net
Jewellery
 h - the ring of Lucidity (left tentacle) {rElec SInv}
   (Xom gifted it to you on level 1 of the Dungeon)

   [ring of see invisible]

   rElec:     It insulates you from electricity.
   SInv:      It lets you see invisible.
 k - a +6 ring of strength (right tentacle)
Scrolls
 b - a scroll of butterflies
 c - 2 scrolls of teleportation {unknown}
 d - a scroll of blinking {unknown}
 i - a scroll of fear {unknown}
 j - 2 scrolls of identify {unknown}
 m - a scroll of fog {unknown}
Potions
 e - 2 potions of attraction
 l - a potion of lignification
 n - a potion of heal wounds {unknown}


   Skills:
 + Level 5.1 Fighting
 + Level 5.1 Short Blades
 + Level 4.7 Dodging


You had 6 spell levels left.
You didn't know any spells.
Your spell library contained the following spells:

 Spells                   Type           Power      Damage    Failure   Level
 Magic Dart               Conj           0%         1d3       34%         1
 Lesser Beckoning         Tloc           0%         N/A       47%         2
 Searing Ray              Conj           0%         2d4       47%         2
 Gell's Gravitas          Tloc           0%         N/A       71%         3
 Summon Guardian Golem    Hex/Summ       0%         N/A       71%         3
 Teleport Other           Tloc           0%         N/A       71%         3
 Fulminant Prism          Conj/Hex       0%         3d5       98%         4
 Orb of Destruction       Conj           0%         9d5       100%        7
 Spellforged Servitor     Conj/Summ      0%         N/A       100%        7


Dungeon Overview and Level Annotations

Branches:
Dungeon (4/15)
 Temple: D:4-7

Altars:
Dithmenos
Elyvilon
Sif Muna
Yredelemnul
Zin


Innate Abilities, Weirdness & Mutations

You cannot wear most types of armour.
You are amphibious.
You can wear up to eight rings at the same time.
Your skin changes colour to match your surroundings (Stealth+).
Your rubbery body absorbs attacks. (AC +1, EV +1)
((You are camouflaged when in or above water. (Stealth+)))
You have tentacles for arms and can constrict up to eight enemies at once.
You are agile. (Dex +4, Str/Int -1)
You possess an exceptional clarity of mind.
Your body sometimes deteriorates upon taking damage.
Potions are less effective at restoring your health.


Message History

You hit the orc priest but do no damage.
The orc priest is poisoned.
You grab the orc priest.
You constrict the orc priest, but do no damage.
You hit the orc priest but do no damage.
You constrict the orc priest. The orc barely misses you.
The orc priest hits you with a +0 mace.
Your body deteriorates!
You feel dopey. The orc barely misses you.
There are monsters nearby!
There are monsters nearby!
You are too injured to fight recklessly!
You are too injured to fight recklessly!
You hit the orc priest but do no damage.
The orc priest looks as sick as possible!
The orc priest is moderately wounded.
You constrict the orc priest. The orc hits you with a +0 hand axe!
The orc priest barely misses you. The orc barely misses you.
Unknown command.
You hit the orc priest but do no damage.
The orc priest looks as sick as possible!
You squeeze the orc priest!
You kill the orc priest!
The orc closely misses you. x2
You feel your dexterity returning. The orc attacks as it pursues you!
The orc hits you with a +0 hand axe.
* * * LOW HITPOINT WARNING * * *
You see here a rat corpse.
You barely miss the orc. You grab the orc. You squeeze the orc!
You kill the orc!
The orc hits you from afar with a +0 trident.
* * * LOW HITPOINT WARNING * * *
The orc misses you.
Things that are here:
a +0 hand axe; a +0 leather armour You hit the orc.
The orc is poisoned.
Your grab misses the orc. Your squeeze misses the orc.
The orc is moderately wounded.
The orc hits you from afar with a +0 trident!
You die... "I guess I need a new plaything now."

# #.# #.# # ∆ ..#
..# # ## #.# #.#
######## #.#.## #.#
'......# ##.#.# #.#
#####..# ##.#.##
##)#.## #
##.###....†###))...#
##.#.#...oo#†#)....#
##.#.....#@#.....#.#
#.#.#.....#.#.....#
..#####.#.#####.#.##
#... #.#.## #.## #..
##.#.# #.# ### #.#
## ## ## ∆


You could see 2 orcs.

Vanquished Creatures
  Duvessa (D:4)
  A phantom (D:4)
  A scorpion (D:4)
  Dowan (D:4)
  An orc priest (D:3)
  Jessica (D:2)
  An orc wizard (D:3)
  3 gnolls
  2 adders
  3 worms
  A dart slug (D:2)
  7 orcs
  A bat (D:1)
  4 endoplasms
  4 giant cockroaches
  3 goblins
  7 hobgoblins
  4 kobolds
  2 quokkas (D:2)
  8 ball pythons
  2 frilled lizards
  5 rats
63 creatures vanquished.

Notes
Turn   | Place    | Note
-------+----------+-------------------------------------------
     0 | D:1      | Xavori the Octopode Chaos Knight began the quest for the
                  | Orb.
     0 | D:1      | Reached XP level 1. HP: 16/16 MP: 1/1
   101 | D:1      | XOM: divination: detect creatures
   104 | D:1      | Reached XP level 2. HP: 16/21 MP: 2/2
   423 | D:1      | XOM: smoke on damage
   494 | D:1      | XOM: divination: detect creatures
   673 | D:2      | Reached XP level 3. HP: 26/26 MP: 3/3
  1560 | D:1      | XOM: silly message
  1751 | D:1      | XOM: cloud trail
  2328 | D:1      | Identified the ring of Lucidity {rElec SInv} (Xom gifted it
                  | to you on level 1 of the Dungeon)
  2328 | D:1      | XOM: god gift: ring of Lucidity {rElec SInv}
  2476 | D:1      | XOM: god gift: glowing ring mail {god gift}
  2508 | D:1      | XOM: god gift: scroll labelled IHORUS GAKLYACW {god gift}
  3281 | D:1      | XOM is BORED!
  3281 | D:1      | XOM: noise
  4013 | D:1      | XOM: silly message
  4376 | D:1      | XOM: silly message
  4731 | D:1      | XOM: summons 4 hostile shadow creatures
  5143 | D:1      | XOM: silly message
  5648 | D:1      | XOM is BORED!
  5834 | D:1      | XOM: summons 2 hostile demons
  6572 | D:1      | XOM: give mutations
  6572 | D:1      | Gained mutation: Your body sometimes deteriorates upon
                  | taking damage. [Xom's mischief]
  6572 | D:1      | Gained mutation: You are agile. (Dex +4, Str/Int -1) [Xom's
                  | mischief]
  6572 | D:1      | Gained mutation: You possess an exceptional clarity of
                  | mind. [Xom's mischief]
  6572 | D:1      | Gained mutation: Potions are less effective at restoring
                  | your health. [Xom's mischief]
  7013 | D:1      | XOM: silly message
  7194 | D:1      | XOM: torment (14/26 hp)
  7837 | D:1      | XOM is BORED!
  7837 | D:1      | XOM: draining
  8217 | D:1      | XOM: summons 2 hostile demons
  8242 | D:2      | Noticed Jessica
  8266 | D:2      | Killed Jessica
  8267 | D:2      | Reached XP level 4. HP: 11/32 MP: 4/4
  8267 | D:2      | XOM: cast spell 'Leda's Liquefaction'
  8270 | D:1      | XOM: divination: magic mapping
  8392 | D:2      | XOM: cast spell 'Summon Ice Beast'
  8489 | D:2      | XOM: divination: detect creatures
  8529 | D:2      | XOM: 2-stop teleportation journey
  8719 | D:2      | You fall into a shaft and drop 2 floors!
  8732 | D:4      | Reached XP level 5. HP: 30/37 MP: 5/5
  8742 | D:4      | Noticed Duvessa
  8742 | D:4      | Noticed Dowan
  8742 | D:4      | Noticed a phantom
  8742 | D:4      | XOM: 2-stop teleportation journey
  8743 | D:4      | XOM: potion effect (heal wounds)
  8757 | D:4      | XOM: noise
  8767 | D:4      | Killed Duvessa
  8772 | D:4      | Killed Dowan
  8773 | D:4      | Reached XP level 6. HP: 24/44 MP: 6/6
  9233 | D:4      | Reached skill level 5 in Fighting
  9665 | D:2      | Identified the +0 cloak of Asejerue {+Inv Str+3}
  9730 | D:3      | Found a shimmering blue altar of Sif Muna.
  9730 | D:3      | Found a glowing silver altar of Zin.
  9730 | D:3      | Found a basalt altar of Yredelemnul.
  9730 | D:3      | Found a shadowy altar of Dithmenos.
  9730 | D:3      | Found a white marble altar of Elyvilon.
  9730 | D:3      | XOM: 2-stop teleportation journey
  9789 | D:3      | Reached skill level 5 in Short Blades
  9789 | D:3      | Reached XP level 7. HP: 34/50 MP: 7/7
  9864 | D:3      | XOM: divination: detect items
  9889 | D:3      | Slain by an orc

Illustrated notes

Levels and vault maps discovered:
D:1:      zaba_arrival_water, layout_rooms
D:2:      layout_basic, uniq_jessica
D:3:      layout_basic, grunt_temple_overflow_open,
          nicolae_houndstooth_variations
D:4:      layout_basic, uniq_duvessa

Skill      XL: |  1  2  3  4  5  6 |
---------------+-------------------+-----
Dodging        | 3 4 |  4.7
Fighting       | 4 5 |  5.1
Short Blades   | 4 5 |  5.1

Action                     |  1- 3 |  4- 6 |  7- 9 || total
---------------------------+-------+-------+-------++-------
  Melee: Short sword       |    55 |    68 |       ||   123
         Constrict         |    10 |    19 |     7 ||    36
         Tentacles         |     7 |    17 |     7 ||    31
         Punch             |       |     4 |     1 ||     5
         Dagger            |       |    38 |    14 ||    52
    Use: Scroll            |     1 |       |       ||     1
         Potion            |       |     6 |       ||     6
   Stab: Sleeping          |     3 |     4 |       ||     7
         Distracted        |       |     1 |       ||     1
 Armour: Skin              |    20 |   105 |    11 ||   136
  Dodge: Dodged            |    38 |    40 |    14 ||    92

Table legend: (Time is in decaauts)
 A = Elapsed time spent in this place.
 B = Non-inter-level travel time spent in this place.
 C = Inter-level travel time spent in this place.
 D = Time resting spent in this place.
 E = Time spent auto-exploring this place.
 F = Levels seen in this place.
 G = Mean time per level.
                   A        B        C        D        E       F      G
               +--------+--------+--------+--------+--------+-----+--------+
         Total |   9857 |   9763 |     94 |   8111 |   1182 |   4 | 2464.2 |
       Dungeon |   9857 |   9763 |     94 |   8111 |   1182 |   4 | 2464.2 |
               +--------+--------+--------+--------+--------+-----+--------+

Top non-repeatable levels by time:
     D:1: 8080 daAuts
     D:2: 810 daAuts
     D:4: 701 daAuts
     D:3: 264 daAuts
